APL (24 & UNDER)
ATHENS ASSASSINS @ STATE COLLEGE SPIKES
07/26/2027
 
TOP OF THE 1ST
Athens Assassins batting - Pitching for State College Spikes : LHP John Knight
Pitching: LHP John Knight
Batting: RHB James Anderson 0-0: Called Strike
0-1: Foul Ball, location: 2F
0-2: Ground out 6-3 (Groundball, 56)
Batting: RHB Jorge Loanos 0-0: Ball
1-0: Fly out, F8 (Flyball, 8RM)
Batting: SHB José Estreito 0-0: Ground out 3-1 (Groundball, 34)
Top of the 1st over - 0 run(s), 0 hit(s), 0 error(s), 0 left on base; Athens 0 - State College 0
BOTTOM OF THE 1ST
State College Spikes batting - Pitching for Athens Assassins : RHP Don Ford
Pitching: RHP Don Ford
Batting: SHB Greg Butterfield 0-0: Called Strike
0-1: Swinging Strike
0-2: Strikes out swinging
Batting: RHB Blair Whitehead 0-0: Called Strike
0-1: Ball
1-1: SINGLE (Line Drive, 6MD)
Batting: RHB Matt Tucker 0-0: Swinging Strike
0-1: Ball
1-1: Ball
2-1: Foul Ball, location: 2F
2-2: Strikes out swinging
Batting: RHB Mike Ingram 0-0: Ball
1-0: Called Strike
1-1: Ball
2-1: SINGLE (Groundball, 6MD)
Blair Whitehead to second
Batting: RHB Eric Knight 0-0: Ball
1-0: Called Strike
1-1: Called Strike
1-2: Ball
2-2: Ball
3-2: Foul Ball, location: 2F
3-2: Foul Ball, location: 2F
3-2: 3-RUN HOME RUN (Flyball, 7D), Distance : 408 ft
Batting: RHB Nick Harris 0-0: Called Strike
0-1: Ball
1-1: Foul Ball, location: 2F
1-2: Ball
2-2: Foul Ball, location: 2F
2-2: Ground out 4-3 (Groundball, 4)
Bottom of the 1st over - 3 run(s), 3 hit(s), 0 error(s), 0 left on base; Athens 0 - State College 3
TOP OF THE 2ND
Athens Assassins batting - Pitching for State College Spikes : LHP John Knight
Batting: RHB Foster Hapgood 0-0: Swinging Strike
0-1: Foul Ball, location: 2F
0-2: Ball
1-2: Foul Ball, location: 2F
1-2: Strikes out looking
Batting: RHB Roderick Silva 0-0: Called Strike
0-1: Ball
1-1: Reached on error, E5 (Groundball, 5S)
Batting: LHB Milo Glenn 0-0: Called Strike
0-1: Ball
1-1: Called Strike
1-2: Foul Ball, location: 2F
1-2: SINGLE (Flyball, 8RS)
Roderick Silva to third
Batting: RHB Emílio García 0-0: Ball
1-0: Ball
2-0: Called Strike
2-1: Fly out, F9 (Line Drive, 89S)
Runner from 3rd tags up, SCORES, no throw
Batting: RHB Randall Walker 0-0: Called Strike
0-1: Ball
1-1: Ball
2-1: Called Strike
2-2: Strikes out looking
Top of the 2nd over - 1 run(s), 1 hit(s), 1 error(s), 1 left on base; Athens 1 - State College 3
BOTTOM OF THE 2ND
State College Spikes batting - Pitching for Athens Assassins : RHP Don Ford
Batting: RHB Joaquín Vásquez 0-0: Foul Ball, location: 2F
0-1: Swinging Strike
0-2: Hit by Pitch
Batting: RHB Alonzo Herrera 0-0: Called Strike
0-1: Swinging Strike
0-2: Foul Ball, location: 2F
0-2: Ball
1-2: Ball
2-2: Foul Ball, location: 2F
2-2: Foul Ball, location: 2F
2-2: Strikes out looking
Batting: RHB Diego Benítez 0-0: Fly out, F7 (Flyball, 7S)
Batting: SHB Greg Butterfield 0-0: Fielders Choice at 2nd, 6-4 (Groundball, 6)
Bottom of the 2nd over - 0 run(s), 0 hit(s), 0 error(s), 0 left on base; Athens 1 - State College 3
TOP OF THE 3RD
Athens Assassins batting - Pitching for State College Spikes : LHP John Knight
Batting: LHB Miguel García 0-0: Ball
1-0: Swinging Strike
1-1: Foul Ball, location: 2F
1-2: Ground out 4-3 (Groundball, 4)
Batting: RHB James Anderson 0-0: Ground out 4-3 (Groundball, 4M)
Batting: RHB Jorge Loanos 0-0: Ball
1-0: SINGLE (Groundball, 6MD)
Batting: SHB José Estreito 0-0: Ball
1-0: Ball
2-0: Ball
3-0: Base on Balls
Jorge Loanos to second
Batting: RHB Foster Hapgood 0-0: Foul Ball, location: 2F
0-1: Foul Ball, location: 2F
0-2: Strikes out swinging
Top of the 3rd over - 0 run(s), 1 hit(s), 0 error(s), 2 left on base; Athens 1 - State College 3
BOTTOM OF THE 3RD
State College Spikes batting - Pitching for Athens Assassins : RHP Don Ford
Batting: RHB Blair Whitehead 0-0: Ball
1-0: Ball
2-0: Ball
3-0: Called Strike
3-1: Base on Balls
Batting: RHB Matt Tucker 0-0: Swinging Strike
0-1: Reached on error, E6 (Groundball, 6)
Blair Whitehead to second
Batting: RHB Mike Ingram 0-0: Ball
1-0: Called Strike
1-1: Fly out, F4 (Line Drive, 4M)
Lined into DP, U4 (Line Drive, 4M)
Batting: RHB Eric Knight 0-0: Called Strike
0-1: Ball
1-1: Ball
2-1: Ball
3-1: Swinging Strike
3-2: Strikes out swinging
Bottom of the 3rd over - 0 run(s), 0 hit(s), 1 error(s), 1 left on base; Athens 1 - State College 3
TOP OF THE 4TH
Athens Assassins batting - Pitching for State College Spikes : LHP John Knight
Batting: RHB Roderick Silva 0-0: Ball
1-0: Called Strike
1-1: Swinging Strike
1-2: Fly out, F9 (Flyball, 9D)
Batting: LHB Milo Glenn 0-0: Ball
1-0: SINGLE (Groundball, 5D)
Batting: RHB Emílio García 0-0: Hit by Pitch
Milo Glenn to second
Batting: RHB Randall Walker 0-0: Swinging Strike
0-1: Fielders Choice at 2nd, 6-4 (Groundball, 6)
Milo Glenn to third
Batting: LHB Miguel García 0-0: Ball
1-0: Ball
2-0: Foul Ball, location: 2F
2-1: Foul Ball, location: 2F
2-2: Ball
3-2: SINGLE (Groundball, 34D)
Milo Glenn scores
Randall Walker to second
Randall Walker to third
Batting: RHB James Anderson 0-0: Called Strike
0-1: Ball
1-1: Foul Ball, location: 2F
1-2: Strikes out swinging
Top of the 4th over - 1 run(s), 2 hit(s), 0 error(s), 2 left on base; Athens 2 - State College 3
BOTTOM OF THE 4TH
State College Spikes batting - Pitching for Athens Assassins : RHP Don Ford
Batting: RHB Nick Harris 0-0: Called Strike
0-1: Foul Ball, location: 2F
0-2: Ball
1-2: Ball
2-2: Ball
3-2: Ground out 6-3 (Groundball, 56)
Batting: RHB Joaquín Vásquez 0-0: Called Strike
0-1: Ball
1-1: Ball
2-1: Ground out 5-3 (Groundball, 56S)
Batting: RHB Alonzo Herrera 0-0: Ball
1-0: Ball
2-0: Called Strike
2-1: Ball
3-1: Base on Balls
Batting: RHB Diego Benítez 0-0: Called Strike
0-1: Called Strike
0-2: Strikes out swinging
Bottom of the 4th over - 0 run(s), 0 hit(s), 0 error(s), 1 left on base; Athens 2 - State College 3
TOP OF THE 5TH
Athens Assassins batting - Pitching for State College Spikes : LHP John Knight
Batting: RHB Jorge Loanos 0-0: Ball
1-0: SINGLE (Groundball, 6MD)
Batting: SHB José Estreito 0-0: SINGLE (Line Drive, 89S)
Jorge Loanos to second
Batting: RHB Foster Hapgood 0-0: Ball
1-0: Called Strike
1-1: Fly out, F9 (Flyball, 9LSF)
Batting: RHB Roderick Silva 0-0: Ball
1-0: Ball
2-0: Ball
3-0: Called Strike
3-1: Fly out, F2 (Popup, 15)
Batting: LHB Milo Glenn 0-0: Ball
1-0: Swinging Strike
1-1: Foul Ball, location: 2F
1-2: Ball
2-2: Foul Ball, location: 2F
2-2: Ball
3-2: Strikes out swinging
Top of the 5th over - 0 run(s), 2 hit(s), 0 error(s), 2 left on base; Athens 2 - State College 3
BOTTOM OF THE 5TH
State College Spikes batting - Pitching for Athens Assassins : RHP Don Ford
Batting: SHB Greg Butterfield 0-0: Ball
1-0: Swinging Strike
1-1: Called Strike
1-2: Strikes out looking
Batting: RHB Blair Whitehead 0-0: Ball
1-0: Ground out 6-3 (Groundball, 6)
Batting: RHB Matt Tucker 0-0: Ball
1-0: Called Strike
1-1: Ground out U3 (Groundball, 3)
Bottom of the 5th over - 0 run(s), 0 hit(s), 0 error(s), 0 left on base; Athens 2 - State College 3
TOP OF THE 6TH
Athens Assassins batting - Pitching for State College Spikes : LHP John Knight
Batting: RHB Emílio García 0-0: Called Strike
0-1: Ball
1-1: Called Strike
1-2: Foul Ball, location: 2F
1-2: Strikes out swinging
Batting: RHB Randall Walker 0-0: Ball
1-0: Called Strike
1-1: Foul Ball, location: 2F
1-2: Ball
2-2: Strikes out looking
Batting: LHB Miguel García 0-0: Reached on error, E4 (Groundball, 4)
Pitching: RHP Tomás Hurtado
Batting: RHB James Anderson 0-0: Foul Ball, location: 2F
0-1: Foul Ball, location: 2F
0-2: Strikes out swinging
Top of the 6th over - 0 run(s), 0 hit(s), 1 error(s), 1 left on base; Athens 2 - State College 3
BOTTOM OF THE 6TH
State College Spikes batting - Pitching for Athens Assassins : RHP Don Ford
Pitching: RHP José Arévalo
Batting: RHB Mike Ingram 0-0: Foul Ball, location: 2F
0-1: Swinging Strike
0-2: Ball
1-2: Fly out, F7 (Flyball, 7)
Batting: RHB Eric Knight 0-0: Ball
1-0: Ball
2-0: Ball
3-0: Called Strike
3-1: Base on Balls
Batting: RHB Nick Harris 0-0: Ball
Eric Knight steals 2nd base
1-0: Ball
2-0: Ball
3-0: Base on Balls
Batting: RHB Joaquín Vásquez 0-0: Ball
1-0: Swinging Strike
1-1: Swinging Strike
1-2: Strikes out swinging
Batting: RHB Alonzo Herrera 0-0: Ball
1-0: Ball
2-0: Foul Ball, location: 2F
2-1: Ball
3-1: Base on Balls
Eric Knight to third
Nick Harris to second
Batting: RHB Diego Benítez 0-0: Called Strike
0-1: GRAND SLAM HOME RUN (Flyball, 7D), Distance : 409 ft
Pitching: LHP Kevin Webb
Batting: SHB Greg Butterfield 0-0: Reached on error, E6 (Groundball, 6)
Batting: RHB Blair Whitehead 0-0: Ball
Greg Butterfield steals 2nd base
1-0: Ball
2-0: Called Strike
2-1: Foul Ball, location: 2F
2-2: Foul Ball, location: 2F
2-2: Ball
3-2: Strikes out swinging
Bottom of the 6th over - 4 run(s), 1 hit(s), 1 error(s), 1 left on base; Athens 2 - State College 7
TOP OF THE 7TH
Athens Assassins batting - Pitching for State College Spikes : RHP Tomás Hurtado
Batting: RHB Jorge Loanos 0-0: Ball
1-0: Ball
2-0: Called Strike
2-1: Ball
3-1: Base on Balls
Batting: SHB José Estreito 0-0: Swinging Strike
0-1: Hit by Pitch
Jorge Loanos to second
Batting: RHB Foster Hapgood 0-0: Called Strike
0-1: Called Strike
0-2: Strikes out swinging
Batting: RHB Roderick Silva 0-0: Foul Ball, location: 2F
0-1: Ball
1-1: Foul Ball, location: 2F
1-2: Ball
2-2: Strikes out swinging
Batting: LHB Milo Glenn 0-0: Ball
1-0: Fielders Choice at 2nd, 5-4 (Groundball, 5)
Top of the 7th over - 0 run(s), 0 hit(s), 0 error(s), 1 left on base; Athens 2 - State College 7
BOTTOM OF THE 7TH
State College Spikes batting - Pitching for Athens Assassins : LHP Kevin Webb
Batting: RHB Matt Tucker 0-0: Ball
1-0: Called Strike
1-1: Ground out 5-3 (Groundball, 56)
Batting: RHB Mike Ingram 0-0: Called Strike
0-1: DOUBLE (Line Drive, 7D)
Batting: RHB Eric Knight 0-0: Ball
1-0: SINGLE (Line Drive, 78S)
Mike Ingram to third
Batting: RHB Nick Harris 0-0: Called Strike
0-1: Ball
1-1: Ball
2-1: Ball
3-1: Base on Balls
Eric Knight to second
Batting: RHB Joaquín Vásquez 0-0: Ball
1-0: Ball
2-0: Grounds into double play, U5-3 (Groundball, 5L)
Bottom of the 7th over - 0 run(s), 2 hit(s), 0 error(s), 2 left on base; Athens 2 - State College 7
TOP OF THE 8TH
Athens Assassins batting - Pitching for State College Spikes : RHP Tomás Hurtado
Batting: RHB Emílio García 0-0: Ball
1-0: Called Strike
1-1: Called Strike
1-2: Foul Ball, location: 2F
1-2: Foul Ball, location: 2F
1-2: Foul Ball, location: 2F
1-2: Ball
2-2: Foul Ball, location: 2F
2-2: Strikes out swinging
Batting: RHB Randall Walker 0-0: Foul Ball, location: 2F
0-1: Ball
1-1: Called Strike
1-2: Ball
2-2: Strikes out looking
Batting: LHB Miguel García 0-0: SINGLE (Groundball, 34D)
Batting: RHB James Anderson 0-0: Foul Ball, location: 2F
0-1: SINGLE (Line Drive, 9S)
Miguel García to second
Batting: RHB Jorge Loanos 0-0: Ball
1-0: Ball
2-0: Foul Ball, location: 2F
2-1: Foul Ball, location: 2F
2-2: Strikes out looking
Top of the 8th over - 0 run(s), 2 hit(s), 0 error(s), 2 left on base; Athens 2 - State College 7
BOTTOM OF THE 8TH
State College Spikes batting - Pitching for Athens Assassins : LHP Kevin Webb
Batting: RHB Alonzo Herrera 0-0: Ball
1-0: Fly out, F9 (Line Drive, 89D)
Batting: RHB Diego Benítez 0-0: Called Strike
0-1: Ball
1-1: Called Strike
1-2: Ball
2-2: Reached via error on a dropped throw, E3
Batting: SHB Greg Butterfield 0-0: Called Strike
0-1: Fly out, F9 (Flyball, 9LSF)
Batting: RHB Blair Whitehead 0-0: Called Strike
0-1: Fly out, F9 (Flyball, 9S)
Bottom of the 8th over - 0 run(s), 0 hit(s), 1 error(s), 1 left on base; Athens 2 - State College 7
TOP OF THE 9TH
Athens Assassins batting - Pitching for State College Spikes : RHP Tomás Hurtado
Pitching: LHP Alberto Ruíz
Batting: SHB José Estreito 0-0: Called Strike
0-1: Called Strike
0-2: Foul Ball, location: 2F
0-2: Ball
1-2: SINGLE (Groundball, 6MD)
Batting: RHB Foster Hapgood 0-0: Ball
1-0: Grounds into double play, 4-6-3 (Groundball, 4)
Batting: RHB Roderick Silva 0-0: Called Strike
0-1: Called Strike
0-2: Ball
1-2: Ball
2-2: Ball
3-2: Base on Balls
Batting: LHB Milo Glenn 0-0: Called Strike
0-1: Ball
1-1: Ground out 1-3 (Groundball, 13)
Top of the 9th over - 0 run(s), 1 hit(s), 0 error(s), 1 left on base; Athens 2 - State College 7
Thursday, March 30th, 2017 - OOTP Baseball 17.12 Build 75